 Dungeon Crawl Stone Soup version 0.19-a0-1254-gb9c29c0 (webtiles) character file.

80 JustSomeDude the Skirmisher (level 4, 5/52 HPs)
             Began as a Demonspawn Fighter on Aug 27, 2016.
             Quit the game on level 4 of the Dungeon.
             The game lasted 00:03:12 (2871 turns).

JustSomeDude the Skirmisher (Demonspawn Fighter)    Turns: 2871, Time: 00:03:13

Health: 5/52       AC: 22    Str: 15 (17) XL:     4   Next: 18%
Magic:  4/4        EV:  2    Int:  6 (9)  God:
Gold:   134        SH:  8    Dex: 11 (13) Spells: 0 memorised, 3 levels left

rFire  . . .     SeeInvis .     a - +0 trident
rCold  . . .     Gourm    .     (armour currently unavailable)
rNeg   + + +     Faith    .     c - +0 shield
rPois  +         Spirit   .     (helmet currently unavailable)
rElec  .         Dismiss  .     (cloak currently unavailable)
rCorr  .         Reflect  .     (gloves currently unavailable)
MR     .....     Harm     .     (boots currently unavailable)
Stlth  +......... NoTele   +    (no amulet)
                                (no ring)
                                (no ring)

@: lethally poisoned (5 -> -1), tree-form
A: (iridescent scales 0), rot immunity
a: no special abilities


You were on level 4 of the Dungeon.
You were hungry.
You were a tree.
You visited 1 branch of the dungeon, and saw 4 of its levels.

You collected 134 gold pieces.

Inventory:

Hand Weapons
 a - a +0 trident (weapon)
Armour
 b - a +0 scale mail (melded)
 c - a +0 shield (worn)
 e - a +0 helmet (melded)
 m - a +0 cloak (melded)
Jewellery
 i - a +3 ring of dexterity {unknown}
 w - a +3 ring of protection {unknown}
Scrolls
 g - 4 scrolls of identify {unknown}
 k - 2 scrolls of remove curse {unknown}
 n - a scroll of fog {unknown}
 q - a scroll of enchant armour {unknown}
 r - a scroll of fear {unknown}
 s - a scroll of teleportation {unknown}
 u - a scroll of random uselessness {unknown}
 z - a scroll of recharging {unknown}
Potions
 d - a potion of might
 j - a potion of cancellation
 l - 2 potions of degeneration
 t - a potion of brilliance
Books
 y - a book of Enchantments

   Spells                             Type                      Level
   a - Cause Fear                     Hexes                        4
   b - Yara's Violent Unravelling     Hexes/Transmutation          5
   c - Silence                        Hexes/Air                    5
   d - Deflect Missiles               Charms/Air                   6
   e - Haste                          Charms                       6
   f - Discord                        Hexes                        8
 A - a Young Poisoner's Handbook

   Spells                             Type                      Level
   a - Sting                          Conjuration/Poison           1
   b - Mephitic Cloud                 Conjuration/Poison/Air       3
   c - Olgreb's Toxic Radiance        Poison                       4
   d - Alistair's Intoxication        Transmutation/Poison         5
   e - Venom Bolt                     Conjuration/Poison           5
Comestibles
 f - 3 bread rations
 h - a meat ration
 o - 2 slices of pizza
 x - 6 fruits


   Skills:
 + Level 3.5 Fighting
 + Level 2.0 Polearms
 + Level 3.3 Armour
 + Level 1.0 Dodging
 + Level 0.2 Stealth
 + Level 3.3 Shields


You had 3 spell levels left.
You didn't know any spells.

Dungeon Overview and Level Annotations

Branches:
Dungeon (4/15)
 Temple: D:4-7

Altars:
Trog


Innate Abilities, Weirdness & Mutations

((You are partially covered in iridescent scales. (AC +2)))
You are immune to rotting.


Message History

There was something very wrong with that liquid.
You feel weakened.
You feel dopey.
You feel clumsy.
* * * LOW HITPOINT WARNING * * *
You feel sick. You block the worker ant's attack.
It was a potion of cancellation.
Your magical effects are unravelling.
You feel magically purged.
You feel a little less clever now.
* * * LOW HITPOINT WARNING * * *
You feel sick. You block the worker ant's attack.
The worker ant bites you but does no damage.
It was a potion of lignification.
You turn into a tree.
Your +0 cloak melds into your body.
Your +0 helmet melds into your body.
Your +0 scale mail melds into your body.
Your roots penetrate the ground.
You feel sick. The worker ant bites you.
* * * LOW HITPOINT WARNING * * *
It was a potion of magic.
Magic courses through your body.
* * * LOW HITPOINT WARNING * * *
You feel sick. You block the worker ant's attack.
Are you sure you want to abandon this character and quit the game? (Confirm with "yes".)

#...#
#..###.#
#...# #..#
# ##.##
#..# #.
#..#
#######..#
#........#
#.######.#
#.# .# #♣#
## #a#
##.## #...#
#.....#
#........
.......####
####....#
...#$#


You could see a worker ant.

Vanquished Creatures
  An adder (D:3)
  2 worms (D:3)
  A dart slug (D:1)
  5 giant geckos
  2 orcs (D:3)
  2 ball pythons
  8 bats
  4 giant cockroaches
  6 goblins
  6 hobgoblins
  A jackal (D:4)
  A quokka (D:3)
  4 giant newts
  2 kobolds
  9 rats
54 creatures vanquished.

Notes
Turn   | Place    | Note
-------+----------+-------------------------------------------
     0 | D:1      | JustSomeDude the Demonspawn Fighter began the quest for the Orb.
     0 | D:1      | Reached XP level 1. HP: 18/18 MP: 1/1
   232 | D:1      | Gained mutation: You are immune to rotting. [demonic ancestry]
   232 | D:1      | Reached XP level 2. HP: 11/24 MP: 2/2
  1204 | D:2      | Reached XP level 3. HP: 24/29 MP: 3/3
  1440 | D:2      | Found a bloodstained altar of Trog.
  2476 | D:3      | Gained mutation: You are partially covered in iridescent scales. (AC +2) [demonic ancestry]
  2476 | D:3      | Reached XP level 4. HP: 29/35 MP: 4/4
  2602 | D:3      | Reached skill level 1 in Dodging
  2871 | D:4      | Quit the game

Vault maps used:
D:1:      eino_arrival_tree_alley
D:2:      trog_three_pillars_becter
D:3:      st_stairs_12
D:4:      first_bread, uniq_edmund, uniq_blork_the_orc

Skill      XL: |  1  2  3  4 |
---------------+-------------+-----
Shields        | 3 |  3.3
Armour         | 3 |  3.3
Polearms       | 2 |  2.0
Dodging        | 1 |  1.0
Fighting       | |  3.5
Stealth        | |  0.2

Action                   |  1- 3 |  4- 6 || total
-------------------------+-------+-------++-------
Melee: Trident           |   214 |    52 ||   266
  Use: Potion            |       |     5 ||     5
  Eat: Chunk             |     5 |     1 ||     6
Armor: Scale mail        |    95 |    21 ||   116
Dodge: Dodged            |    46 |    17 ||    63
Block: Shield            |   108 |    24 ||   132
